 Dungeon Crawl Stone Soup version 0.32-a0-163-g159c032296 (webtiles) character file.

Game seed: 7303463548359378744

137 Asceticacid the Shield-Bearer (level 5, -2/47 HPs)
             Began as a Gnoll Fighter on Feb 11, 2024.
             Slain by an iguana (6 damage)
             ... on level 2 of the Dungeon.
             The game lasted 00:02:37 (1603 turns).

Asceticacid the Shield-Bearer (Gnoll Fighter)       Turns: 1603, Time: 00:02:38

Health: -2/47      AC:  9    Str: 15    XL:     5   Next: 20%
Magic:  6/7        EV:  9    Int:  8    God:
Gold:   120        SH:  5    Dex: 13    Spells: 6/6 levels left

rFire   . . .        a - +0 flail
rCold   . . .        c - +0 buckler
rNeg    . . .        b - +0 scale mail
rPois   .            (no helmet)
rElec   .            (no cloak)
rCorr   .            (no gloves)
SInv    .            q - +0 pair of boots
Will    .....        (no amulet) Stlth
                     (no ring)
HPRegen 0.27/turn    (no ring)
MPRegen 0.10/turn

%: no passive effects
@: no status effects
A: fangs 1, strong nose, distributed training
a: no special abilities


You were on level 2 of the Dungeon.
You visited 1 branch of the dungeon, and saw 3 of its levels.

You collected 120 gold pieces.

Inventory:

Hand Weapons
 a - a +0 flail (weapon)
Missiles
 e - 4 atropa-tipped darts (quivered)
Armour
 b - a +0 scale mail (worn)
 c - a +0 buckler (worn)
 q - a +0 pair of boots (worn)
Jewellery
 k - a ring of fire
 r - a ring of poison resistance
Scrolls
 f - a scroll of identify {unknown}
 g - a scroll of amnesia {unknown}
 h - a scroll of teleportation {unknown}
 j - a scroll of vulnerability {unknown}
 l - a scroll of fog {unknown}
 p - a scroll of silence {unknown}
Potions
 d - a potion of might
 i - a potion of curing {unknown}
 m - 2 potions of lignification {unknown}
 n - 2 potions of brilliance {unknown}
 o - 2 potions of mutation {unknown}


   Skills:
 + Level 6.7 Fighting
 + Level 1.4 Short Blades
 + Level 1.4 Long Blades
 + Level 1.4 Axes
 + Level 4.8 Maces & Flails
 + Level 1.4 Polearms
 + Level 1.4 Staves
 + Level 1.4 Ranged Weapons
 + Level 1.4 Throwing
 + Level 6.7 Armour
 + Level 1.4 Dodging
 + Level 1.4 Stealth
 + Level 6.7 Shields
 + Level 1.4 Unarmed Combat
 + Level 1.4 Spellcasting
 + Level 1.1 Conjurations
 + Level 1.1 Hexes
 + Level 1.1 Summonings
 + Level 1.1 Necromancy
 + Level 1.1 Translocations
 + Level 1.1 Fire Magic
 + Level 1.1 Ice Magic
 + Level 1.1 Air Magic
 + Level 1.1 Earth Magic
 + Level 1.1 Alchemy
 + Level 1.6 Invocations
 + Level 1.4 Evocations
 + Level 1.3 Shapeshifting


You had 6 spell levels left.
You didn't know any spells.
Your spell library contained the following spells:

 Spells                   Type           Power      Damage    Failure   Level
 Lesser Beckoning         Tloc           4%         N/A       83%         2
 Gell's Gravitas          Tloc           2%         N/A       96%         3
 Teleport Other           Tloc           2%         N/A       96%         3


Dungeon Overview and Level Annotations

Branches:
Dungeon (3/15)

Altars:


Innate Abilities, Weirdness & Mutations

You have very sharp teeth.
Your uncanny sense of smell can sniff out nearby items.
Your experience applies equally to all skills.


Message History

Pain shoots through your body!
The orc priest hits you but does no damage.
You closely miss the orc priest.
The orc priest is heavily wounded.
The orc priest hits you but does no damage.
You sock the orc priest!
You bite the orc priest, but do no damage.
The orc priest is almost dead.
The orc priest is no longer blind.
You block the orc priest's attack.
You barely miss the orc priest.
The orc priest is almost dead.
The orc priest calls down the wrath of Beogh upon you.
Pain shoots through your body!
You closely miss the orc priest.
The orc priest is almost dead.
The orc priest hits you but does no damage. x2
You hit the orc priest.
You kill the orc priest!
You have reached level 5!
The iguana barely misses you.
You climb upwards.
Reactivating autopickup.
There is a stone staircase leading down here.
You barely miss the iguana. Your bite misses the iguana. The iguana bites you.
You are too injured to fight recklessly!
The iguana bites you!
Things that are here:
a +0 robe; a +0 dagger; an orc corpse You barely miss the iguana.
You block the iguana's attack. The iguana bites you.
* * * LOW HITPOINT WARNING * * *
You sock the iguana!
The iguana is severely wounded.
You block the iguana's attack.
You barely miss the iguana.
The iguana is severely wounded.
The iguana bites you!
* * * LOW HITPOINT WARNING * * *
The iguana attacks as it pursues you! The iguana bites you.
You die...

#...##.# #...........
##†####.### #...........
#..# #....# #.<.........
## #.## #....#
#........... .### #.#
##....# ##.......... ...#
##.# #.....###.....).....
##.##
#..###.........######.###
#..#####.###..##[..####
#.# ##.....#....)..@l###
#.# ####.....##).#### #.#
###.......###.## #.#
.>..#####.###.# #.#
.######...(...## ###.###
.##.....#......# #.....#
###....>.#####)## #.....#
# #..<#...[.##..#
###.....#
#####.###.###.####
#.......#


You could see an iguana.

Vanquished Creatures
  An orc priest (D:3)
  An orc wizard (D:2)
  2 adders (D:2)
  A gnoll (D:1)
  A dart slug (D:1)
  A ribbon worm (D:2)
  An orc (D:3)
  7 endoplasms
  2 giant cockroaches (D:1)
  5 goblins
  6 hobgoblins
  A quokka (D:1)
  4 ball pythons
  4 bats
  A frilled lizard (D:1)
  5 kobolds
  8 rats
51 creatures vanquished.

Notes
Turn   | Place    | Note
-------+----------+-------------------------------------------
     0 | D:1      | Asceticacid the Gnoll Fighter began the quest for the Orb.
     0 | D:1      | Reached XP level 1. HP: 23/23 MP: 1/1
   161 | D:1      | Reached XP level 2. HP: 29/29 MP: 2/2
   284 | D:1      | Reached XP level 3. HP: 35/35 MP: 3/3
   364 | D:1      | Found a faded altar of an unknown god.
   387 | D:1      | Reached skill level 1 in Invocations
   467 | D:1      | Reached skill level 1 in Short Blades
   467 | D:1      | Reached skill level 1 in Long Blades
   467 | D:1      | Reached skill level 1 in Axes
   467 | D:1      | Reached skill level 1 in Polearms
   467 | D:1      | Reached skill level 1 in Staves
   467 | D:1      | Reached skill level 1 in Ranged Weapons
   467 | D:1      | Reached skill level 1 in Throwing
   467 | D:1      | Reached skill level 1 in Dodging
   467 | D:1      | Reached skill level 1 in Stealth
   467 | D:1      | Reached skill level 1 in Unarmed Combat
   467 | D:1      | Reached skill level 1 in Spellcasting
   467 | D:1      | Reached skill level 1 in Evocations
  1039 | D:2      | Reached skill level 1 in Shapeshifting
  1039 | D:2      | Reached XP level 4. HP: 41/41 MP: 5/5
  1399 | D:2      | Reached skill level 1 in Conjurations
  1399 | D:2      | Reached skill level 1 in Hexes
  1399 | D:2      | Reached skill level 1 in Summonings
  1399 | D:2      | Reached skill level 1 in Necromancy
  1399 | D:2      | Reached skill level 1 in Translocations
  1399 | D:2      | Reached skill level 1 in Fire Magic
  1399 | D:2      | Reached skill level 1 in Ice Magic
  1399 | D:2      | Reached skill level 1 in Air Magic
  1399 | D:2      | Reached skill level 1 in Earth Magic
  1399 | D:2      | Reached skill level 1 in Alchemy
  1596 | D:3      | Reached XP level 5. HP: 25/47 MP: 5/7
  1603 | D:2      | Slain by an iguana

Illustrated notes

Levels and vault maps discovered:
D:1:      dpeg_chamrin_arrival_tetris, layout_rooms,
          hellmonk_ecumenical_altar_arch_garden, serial_rivers,
          chequers_serial_rivers_micro_b, chequers_serial_rivers_large_a,
          chequers_serial_rivers_small_3, chequers_serial_rivers_room_a,
          minmay_vboxes
D:2:      layout_rooms
D:3:      layout_rooms, regret_index_temple_of_mockery,
          mainiacjoe_overflow_brackets,
          mainiacjoe_overflow_concentric_impassable, ebering_ghost_sewer_d

Skill      XL: |  1  2  3  4 |
---------------+-------------+-----
Invocations    | 1 |  1.6
Short Blades   | 1 |  1.4
Long Blades    | 1 |  1.4
Axes           | 1 |  1.4
Polearms       | 1 |  1.4
Staves         | 1 |  1.4
Ranged Weapons | 1 |  1.4
Throwing       | 1 |  1.4
Dodging        | 1 |  1.4
Stealth        | 1 |  1.4
Unarmed Combat | 1 |  1.4
Spellcasting   | 1 |  1.4
Evocations     | 1 |  1.4
Shapeshifting  | 1 |  1.3
Conjurations   | 1 |  1.1
Hexes          | 1 |  1.1
Summonings     | 1 |  1.1
Necromancy     | 1 |  1.1
Translocations | 1 |  1.1
Fire Magic     | 1 |  1.1
Ice Magic      | 1 |  1.1
Air Magic      | 1 |  1.1
Earth Magic    | 1 |  1.1
Alchemy        | 1 |  1.1
Fighting       | |  6.7
Maces & Flails | |  4.8
Armour         | |  6.7
Shields        | |  6.7

Action                     |  1- 3 |  4- 6 || total
---------------------------+-------+-------++-------
  Melee: Flail             |   104 |    70 ||   174
         Bite              |     9 |     8 ||    17
  Throw: Dart              |       |     2 ||     2
   Stab: Invisible         |       |     1 ||     1
 Armour: Scale mail        |    75 |    47 ||   122
  Dodge: Dodged            |    53 |    24 ||    77
  Block: Buckler           |    27 |    16 ||    43

Table legend: (Time is in decaauts)
 A = Elapsed time spent in this place.
 B = Non-inter-level travel time spent in this place.
 C = Inter-level travel time spent in this place.
 D = Time resting spent in this place.
 E = Time spent auto-exploring this place.
 F = Levels seen in this place.
 G = Mean time per level.
                   A        B        C        D        E       F      G
               +--------+--------+--------+--------+--------+-----+--------+
         Total |   1667 |   1569 |     98 |     72 |   1047 |   3 |  555.7 |
       Dungeon |   1667 |   1569 |     98 |     72 |   1047 |   3 |  555.7 |
               +--------+--------+--------+--------+--------+-----+--------+

Top non-repeatable levels by time:
     D:1: 1081 daAuts
     D:2: 519 daAuts
     D:3: 66 daAuts
